 Dungeon Crawl Stone Soup version 0.28.0-53-g5a82cb258f (console) character file.

Game seed: 3829846707236451833

688 om the Chopper (level 7, 0/55 (59) HPs)
             Began as a Black Draconian Cinder Acolyte on Mar 24, 2022.
             Was a Priest of Ignis.
             Slain by a wight
             ... wielding a +4 scimitar of freezing
              (4 damage)
             ... on level 4 of the Dungeon on June 23, 2022.
             The game lasted 00:10:07 (4186 turns).

om the Chopper (Black Draconian Cinder Acolyte)     Turns: 4186, Time: 00:10:08

HP:   0/55 (59)     AC: 13    Str: 16    XL:     7   Next: 36%
MP:   8/8           EV: 13    Int: 15    God:    Ignis [***...]
Gold: 131           SH:  0    Dex:  8    Spells: 8/8 levels left

rFire   + . .      SeeInvis .   a - -1 hand axe (flame)
rCold   . . .      Faith    .   (no shield)
rNeg    . . .      Spirit   .   (armour unavailable)
rPois   .          Reflect  .   (helmet restricted)
rElec   +          Harm     .   (no cloak)
rCorr   .          Rampage  .   (no gloves)
Will    .....                   (no boots)
Stlth   +.........              (no amulet)
HPRegen 0.18/turn               (no ring)
MPRegen 0.11/turn               (no ring)

@: mighty, fiery-armoured, drained
A: breathe lightning, AC +6, unfitting armour, electricity resistance,
cold-blooded
a: Breathe Lightning, Renounce Religion, Fiery Armour, Foxfire Swarm, Rising
Flame


You were on level 4 of the Dungeon.
You worshipped Ignis.
Ignis was most pleased with you.
You visited 1 branch of the dungeon, and saw 4 of its levels.

You collected 131 gold pieces.

Inventory:

Hand Weapons
 a - a -1 hand axe of flaming (weapon)
 g - a +1 whip of electrocution
Wands
 c - a wand of polymorph (9)
Scrolls
 b - 2 scrolls of teleportation {unknown}
 e - a scroll of brand weapon
 i - a scroll of identify
Potions
 d - a potion of lignification {unknown}
 f - a potion of curing {unknown}
 h - a potion of might


   Skills:
 - Level 4.0 Fighting
 - Level 5.8 Axes
 * Level 5.3 Dodging
 - Level 1.0 Spellcasting
 - Level 3.0 Fire Magic


You had 8 spell levels left.
You didn't know any spells.
Your spell library contained the following spells:

 Spells                   Type           Power      Damage    Failure   Level
 Scorch                   Fire           18%        2d6       11%         2
 Blink                    Tloc           0%         N/A       36%         2
 Lesser Beckoning         Tloc           0%         N/A       58%         3
 Manifold Assault         Tloc           0%         N/A       100%        5


Dungeon Overview and Level Annotations

Branches:
Dungeon (4/15)
 Temple: D:4-7

Altars:


Innate Abilities, Weirdness & Mutations

You can breathe wild blasts of lightning.
Your glossy black scales are hard. (AC +6)
You cannot fit into any form of body armour.
You are resistant to electric shocks. (rElec)
You are cold-blooded and may be slowed by cold attacks.


Message History

You are too injured to fight recklessly!
You hit the wight but do no damage.
The wight is heavily damaged.
You hit the wight. You burn the wight.
The wight hits you with a +4 scimitar of freezing.
You feel yourself slow down. The wight freezes you.
The wight is burned by your cloak of flames.
The wight is severely damaged.
The wight misses you.
You hit the wight. You burn the wight.
The wight is almost destroyed.
You hit the wight but do no damage. The wight barely misses you.
The wight closely misses you. x2
Unknown command.
You hit the wight but do no damage. You tail-slap the wight.
The wight is almost destroyed.
You barely miss the wight.
You feel yourself speed up. The wight hits you with a +0 flail.
The wight hits you with a +4 scimitar of freezing!
* * * LOW HITPOINT WARNING * * *
You feel drained.
* * * LOW HITPOINT WARNING * * *
The wight freezes you.
* * * LOW HITPOINT WARNING * * *
The wight barely misses you.
You hit the wight but do no damage.
The wight is severely damaged.
You hit the wight but do no damage.
The wight hits you with a +4 scimitar of freezing.
* * * LOW HITPOINT WARNING * * *
You feel drained. The wight freezes you.
* * * LOW HITPOINT WARNING * * *
The wight is burned by your cloak of flames.
The wight is almost destroyed.
The wight closely misses you.
It was a potion of might.
You feel very mighty all of a sudden.
The wight hits you with a +4 scimitar of freezing.
You die...

...$###... ....##....#
###########....##....####
?............. +........
...........# #........
.........).# #.....###
...........# #...#.###
.......zz########...#..##
......##@.......'...'...#
......#......####...##..#
..... +......+...####...#
..... #......###.# #..##
...^ #......# #.# #..##
.... ######## #.# ...#
#.####+#.# ........).
##........


You could see 2 wights.

Vanquished Creatures
  Sigmund (D:2)
  A sky beast (D:2)
  A centaur (D:4)
  A phantom (D:3)
  2 wights (D:4)
  A hound (D:3)
  Ijyb (D:3)
  Terence (D:3)
  Robin (D:4)
  2 adders
  3 gnolls (D:3)
  2 worms
  3 dart slugs
  3 orcs (D:3)
  3 bats
  5 endoplasms
  10 goblins
  4 hobgoblins
  3 jackals (D:1)
  8 kobolds
  4 quokkas
  5 ball pythons
  6 frilled lizards
  3 rats (D:3)
74 creatures vanquished.

Vanquished Creatures (others)
  50 foxfires
50 creatures vanquished.

Grand Total: 124 creatures vanquished

Notes
Turn   | Place    | Note
-------+----------+-------------------------------------------
     0 | D:1      | om the Draconian Cinder Acolyte began the quest for the
                  | Orb.
     0 | D:1      | Reached XP level 1. HP: 19/19 MP: 2/2
    50 | D:1      | You fall into a shaft and drop 1 floor!
   286 | D:2      | Noticed Sigmund
   555 | D:1      | Reached XP level 2. HP: 26/26 MP: 3/3
   563 | D:1      | Upgraded the game from 0.28.0-43-g3370ac3207 to
                  | 0.28.0-47-ge53b351184
   563 | D:1      | Upgraded the game from 0.28.0-47-ge53b351184 to
                  | 0.28.0-49-g6dfe1f597d
   700 | D:1      | Upgraded the game from 0.28.0-49-g6dfe1f597d to
                  | 0.28.0-53-g5a82cb258f
   855 | D:1      | Found a faded altar of an unknown god.
  1357 | D:1      | Reached skill level 1 in Dodging
  1754 | D:2      | Reached XP level 3. HP: 33/33 MP: 4/4
  2141 | D:2      | Killed Sigmund
  2142 | D:2      | Reached XP level 4. HP: 28/40 MP: 5/5
  2142 | D:2      | Reached XP level 5. HP: 32/46 MP: 6/6
  2494 | D:3      | Noticed a sky beast
  2516 | D:2      | Killed a sky beast
  2517 | D:2      | Reached skill level 5 in Axes
  2517 | D:2      | Reached XP level 6. HP: 28/52 MP: 7/7
  2931 | D:3      | Noticed Ijyb
  2932 | D:3      | Noticed Terence
  2951 | D:3      | Killed Terence
  2955 | D:3      | Killed Ijyb
  3469 | D:4      | Identified the +1 leather armour of Greed {Will++ Str-2
                  | Int+4}
  3483 | D:4      | Your scales start taking on a glossy black colour.
  3483 | D:4      | Reached XP level 7. HP: 12/59 MP: 8/8
  3483 | D:4      | Gained mutation: You are resistant to electric shocks.
                  | (rElec) [Black Draconian growth]
  3791 | D:4      | Noticed Robin
  3809 | D:4      | Killed Robin
  4174 | D:4      | Reached skill level 5 in Dodging
  4186 | D:4      | Slain by a wight

Illustrated notes

Levels and vault maps discovered:
D:1:      dpeg_arrival_triangle_fractal, layout_loops_ring,
          shapermc_ecumenical_altar_gd
D:2:      layout_basic, minmay_pentomino_p2, uniq_sigmund
D:3:      layout_rooms, uniq_ijyb, uniq_terence
D:4:      layout_basic, serial_shops, shop, uniq_duvessa, uniq_robin

Skill      XL: |  1  2  3  4  5  6  7 |
---------------+----------------------+-----
Dodging        | 1 2 3 4 5 |  5.3
Fighting       | 4 |  4.0
Axes           | 4 5 |  5.8
Spellcasting   | |  1.0
Fire Magic     | |  3.0

Action                   |  1- 3 |  4- 6 |  7- 9 || total
-------------------------+-------+-------+-------++-------
Melee: Hand axe          |   112 |   108 |    28 ||   248
       Tailslap          |    15 |     9 |     6 ||    30
       Punch             |       |       |     1 ||     1
Invok: Foxfire Swarm     |     1 |     1 |     1 ||     3
       Fiery Armour      |       |     1 |     1 ||     2
  Use: Scroll            |     1 |     1 |       ||     2
       Potion            |       |     1 |     1 ||     2
Armor: Skin              |    36 |    47 |     8 ||    91
Dodge: Dodged            |    71 |    85 |    15 ||   171
